 Dungeon Crawl Stone Soup version 0.17.0-7-gfadd4cc (console) character file.

109 gw the Skirmisher (level 4, 35/35 HPs)
             Began as a Demonspawn Fighter on Nov 8, 2015.
             Was an Initiate of Qazlal.
             Quit the game on level 3 of the Dungeon.
             The game lasted 00:07:05 (2539 turns).

gw the Skirmisher (Demonspawn Fighter)              Turns: 2539, Time: 00:07:05

Health: 35/35      AC:  6    Str: 16    XL:     4   Next: 60%
Magic:  5/5        EV:  6    Int:  9    God:    Qazlal [......]
Gold:   150        SH:  9    Dex: 14    Spells: 0 memorised, 3 levels left

rFire  . . .     SeeInvis .     a - +0 flail
rCold  . . .     Clarity  .     b - +0 scale mail
rNeg   . . .     SustAt   .     c - +0 shield
rPois  .         Gourm    .     (no helmet)
rElec  .         Spirit   .     (no cloak)
rCorr  .         Warding  .     (no gloves)
rMut   .         Stasis   .     (no boots)
MR     .....                    (no amulet)
Stlth  ..........               (no ring)
                                (no ring)

@: not resistant to hostile enchantments, extremely unstealthy
A: claws 1, powered by death 1
a: Renounce Religion


You were on level 3 of the Dungeon.
You worshipped Qazlal.
Qazlal was noncommittal.
You were not hungry.

You visited 1 branch of the dungeon, and saw 3 of its levels.

You collected 150 gold pieces.

Inventory:

Hand Weapons
 a - a +0 flail (weapon)
Missiles
 d - 82 stones (quivered)
Armour
 b - a +0 scale mail (worn)
 c - a +0 shield (worn)
Comestibles
 e - 2 bread rations


   Skills:
 + Level 3.5 Fighting
 + Level 2.5 Maces & Flails
 + Level 1.0 Throwing
 + Level 3.1 Armour
 + Level 3.3 Shields
 * Level 1.8 Invocations


You had 3 spell levels left.
You didn't know any spells.

Dungeon Overview and Level Annotations

Branches:
Dungeon (3/15)

Altars:
Ashenzari
Gozag
Qazlal


Innate Abilities, Weirdness & Mutations

You have sharp fingernails.
You regenerate a little health from kills.


Message History

Unknown command.
Unknown command.
Unknown command.
Unknown command.
Unknown command.
Unknown command.
Attempting RANGED ATTACK TO (3,-6) Throwing (i - inventory):
d - 82 stones (quivered)
Press: ? - help, Shift-Dir - straight line, f/p - quokka
Aim: a quokka (fire blocked by a granite statue)
Your line of fire to the quokka is blocked by a granite statue.
Continue anyway?
Okay, then.
Unknown command.
Unknown command.
Unknown command.
Unknown command.
Unknown command.
Unknown command.
Infinite lua loop detected, aborting.
Are you sure you want to abandon this character and quit the game? (Confirm with "yes".)

#.#.## #. ##.## ...
#. ##.####### #r.#
.. .........# #%###
... ## ##.#####.#
#....##8. #.# #.#
#.#.#..( #.# #.#
#.#.#.(###
#.#####.###.#)#$...#
##...........#.#6#
.........##..#.#.#
########...<.....#.
#.##)........#
#..........)...#
#.......########
#.####### #.# #.#


You could see a quokka.

Table legend:
 A = Turns spent in this place as a percentage of turns spent in the entire game.
 B = Non-inter-level travel turns spent in this place as a percentage of non-inter-level travel turns spent in the entire game.
 C = Inter-level travel turns spent in this place as a percentage of turns spent in this place.
 D = Turns resting spent in this place as a percentage of non-inter-level travel turns spent in this place.
 E = Turns spent auto-exploring this place as a percentage of non-inter-level travel turns spent in this place.
 F = Non-inter-level travel turns spent in this place divided by the number of levels of this place that you've seen.
                   A       B       C       D       E      F
               +-------+-------+-------+-------+-------+----------------------
         Total | 100.0 | 100.0 |   0.2 |   0.3 |   1.0 | 3839.0
       Dungeon | 100.0 | 100.0 |   0.2 |   0.3 |   1.0 | 3839.0
               +-------+-------+-------+-------+-------+----------------------

Table legend:
 A = Kills in this place as a percentage of kills in entire the game.
 B = Kills by you in this place as a percentage of kills by you in the entire game.
 C = Kills by friends in this place as a percentage of kills by friends in the entire game.
 D = Other kills in this place as a percentage of other kills in the entire game.
 E = Experience gained in this place as a percentage of experience gained in the entire game.
 F = Experience gained in this place divided by the number of levels of this place that you have seen.
                   A       B       C       D       E      F
               +-------+-------+-------+-------+-------+----------------------
         Total | 100.0 | 100.0 |  -nan |  -nan | 100.0 |  52.3
       Dungeon | 100.0 | 100.0 |  -nan |  -nan | 100.0 |  52.3
               +-------+-------+-------+-------+-------+----------------------

Vanquished Creatures
  5 adders
  2 oozes
  A worm (D:3)
  A ball python (D:1)
  9 hobgoblins
  4 jackals (D:1)
  A quokka (D:2)
  4 bats
  4 giant newts
  9 goblins
  9 kobolds
  4 rats
53 creatures vanquished.

Notes
Turn   | Place    | Note
--------------------------------------------------------------
     0 | D:1      | gw the Demonspawn Fighter began the quest for the Orb.
     0 | D:1      | Reached XP level 1. HP: 18/18 MP: 1/1
   135 | D:1      | Gained mutation: You have sharp fingernails. [demonic ancestry]
   135 | D:1      | Reached XP level 2. HP: 24/24 MP: 2/2
   770 | D:2      | Found a stormy altar of Qazlal.
   775 | D:2      | Became a worshipper of Qazlal Stormbringer
   860 | D:2      | Gained mutation: You regenerate a little health from kills. [demonic ancestry]
   860 | D:2      | Reached XP level 3. HP: 6/29 MP: 3/3
  1214 | D:2      | Reached skill level 1 in Invocations
  1502 | D:2      | Reached XP level 4. HP: 35/35 MP: 3/5
  2379 | D:3      | Found an opulent altar of Gozag.
  2379 | D:3      | Found a shattered altar of Ashenzari.
  2404 | D:3      | Reached skill level 1 in Throwing
  2539 | D:3      | Quit the game

Action                   |  1- 3 |  4- 6 || total
-------------------------+-------+-------++-------
Melee: Flail             |   154 |    71 ||   225
Throw: Stone             |    43 |    38 ||    81
  Use: Potion            |     1 |       ||     1
  Eat: Chunk             |     2 |     4 ||     6

Vault maps used:
D:1:      scummos_arrival_gate
D:2:      grunt_qazlal_clouds, serial_forest, infiniplex_forest_clump_double,
          infiniplex_forest_clump_medium, infiniplex_forest_join,
          infiniplex_forest_clump_curved, infiniplex_forest_lined_2
D:3:      gammafunk_temple_overflow_wave, minitemple
